 Dungeon Crawl Stone Soup version 0.31-a0-188-g5e087ee2ca (webtiles) character file.

Game seed: 4638520524928352701

54 qw the Shooter (level 3, -2/20 HPs)
             Began as a Deep Elf Hunter on June 23, 2023.
             Slain by a gnoll
             ... wielding a +0 club
              (5 damage)
             ... on level 2 of the Dungeon.
             The game lasted 00:00:25 (1364 turns).

qw the Shooter (Deep Elf Hunter)                    Turns: 1364, Time: 00:00:26

Health: -2/20      AC:  3    Str: 10    XL:     3   Next: 66%
Magic:  5/5        EV: 12    Int: 11    God:
Gold:   63         SH:  0    Dex: 18    Spells: 2/2 levels left

rFire   . . .        i - +2 sling (heavy)
rCold   . . .        (no shield)
rNeg    . . .        c - +0 leather armour
rPois   .            (helmet restricted)
rElec   .            (no cloak)
rCorr   .            (no gloves)
SInv    .            (no boots)
Will    .....        (no amulet)
Stlth   ++           (no ring)
HPRegen 0.23/turn    (no ring)
MPRegen 0.09/turn

%: no passive effects
@: no status effects
A: beak, dopey 1
a: no special abilities


You were on level 2 of the Dungeon.
You visited 1 branch of the dungeon, and saw 2 of its levels.

You collected 63 gold pieces.


Innate Abilities, Weirdness & Mutations

You have a beak for a mouth.
You are dopey. (Int -2)


   Skills:
 - Level 1.5 Fighting
 + Level 7.2 Ranged Weapons
 - Level 2.4 Dodging
 - Level 1.2 Stealth


You had 2 spell levels left.
You didn't know any spells.
Your spell library was empty.

Inventory:

Hand Weapons
 i - a +2 heavy sling (weapon)
Armour
 b - a +0 ring mail
 c - a +0 leather armour (worn)
Jewellery
 d - a +6 ring of dexterity
Scrolls
 a - 2 scrolls of poison {unknown}
 f - 3 scrolls of teleportation
 k - a scroll of brand weapon {unknown}
Potions
 e - a potion of mutation
 g - a potion of enlightenment {unknown}
 h - a potion of heal wounds {unknown}
 j - a potion of cancellation
 l - a potion of might {unknown}

Dungeon Overview and Level Annotations

Branches:
Dungeon (2/15)

Altars:


Message History

The gnoll shouts!
The gnoll moves out of view.
Enter note:
Enter note:
Enter note:
Enter note:
Enter note:
Enter note:
Enter note:
Enter note:
Enter note:
Enter note:
Enter note:
Enter note:
Enter note:
Enter note:
Enter note:
Enter note:
Enter note:
Enter note: A gnoll comes into view. It is wielding a +0 club.
You shoot a sling bullet.
The sling bullet barely misses the gnoll.
The gnoll shouts!
You shoot a sling bullet. The sling bullet hits the gnoll!
The gnoll is severely wounded.
The gnoll hits you with a +0 halberd!
Ouch! That really hurt!
The gnoll barely misses you.
You shoot a sling bullet. The sling bullet hits the gnoll!
You kill the gnoll!
You start resting.
A gnoll is nearby!
You shoot a sling bullet.
The sling bullet barely misses the gnoll.
The gnoll closely misses you.
You shoot a sling bullet. The sling bullet hits the gnoll.
The gnoll is lightly wounded.
The gnoll hits you with a +0 club. x2
You die...

##..P.P.........'.# #.#....#...
###......)..#.#.#.#####.#....####
.........'..#.#.#.......#....#
######.##.###.###..####.#....#
#...#)##.##.### #.#....####
##.###^...)#########+#...... #.#
##...###.........#####.
#.###.....##.........#
#..#.##.##@#.........#
##..###.###g....###'## ####
#.##......# #.# #.##.#....###'##
#....#.........# ######.........#
#.........# #.........#
#....###+##


You could see a gnoll.

Vanquished Creatures
  2 gnolls (D:2)
  A worm (D:2)
  A dart slug (D:1)
  2 endoplasms (D:1)
  2 goblins (D:1)
  3 hobgoblins
  5 jackals (D:1)
  A quokka (D:2)
  A ball python (D:1)
  A frilled lizard (D:1)
  8 kobolds
  A rat (D:1)
28 creatures vanquished.

Notes
Turn   | Place    | Note
-------+----------+-------------------------------------------
     0 | D:1      | qw the Deep Elf Hunter began the quest for the Orb.
     0 | D:1      | Reached XP level 1. HP: 12/12 MP: 3/3
     0 | D:1      | 0 ||| qw: Version: 0.3-a-9-g12657ce
     0 | D:1      | 0 ||| qw: Game counter: 4336
     0 | D:1      | 0 ||| qw: Always use a shield: true
     0 | D:1      | 0 ||| qw: God list: Okawaru
     0 | D:1      | 0 ||| qw: Allow faded altars: false
     0 | D:1      | 0 ||| qw: Do Orc after D:15 true
     0 | D:1      | 0 ||| qw: Do second Lair branch before Depths: true
     0 | D:1      | 0 ||| qw: Lair rune preference: random
     0 | D:1      | 0 ||| qw: Plans: Normal
     0 | D:1      | 0 ||| PLANNING D:1-11
   267 | D:1      | Reached skill level 6 in Ranged Weapons
   267 | D:1      | Reached XP level 2. HP: 16/16 MP: 4/4
   367 | D:1      | 367 ||| FLEEEEING.
   829 | D:1      | 829 ||| DROPPING ring of wizardry.
   830 | D:1      | 830 ||| READING 2 scrolls labelled QIMISY MELI.
   831 | D:1      | 831 ||| READING 4 scrolls labelled ACOM RESUAQO.
   832 | D:1      | 832 ||| READING 2 scrolls labelled TEES VAMIESU.
   835 | D:1      | 835 ||| READING scroll labelled WOECZAE ALAIJIBEA.
   836 | D:1      | 836 ||| DRINKING 2 viscous sapphire potions.
   836 | D:1      | Gained mutation: You are strong-willed. (Will+) [potion of
                  | mutation]
   836 | D:1      | Gained mutation: You sometimes lose your temper in combat.
                  | [potion of mutation]
   837 | D:1      | 837 ||| DRINKING potion of mutation.
   837 | D:1      | Lost mutation: You are strong-willed. (Will+) [potion of
                  | mutation]
   837 | D:1      | Lost mutation: You sometimes lose your temper in combat.
                  | [potion of mutation]
   837 | D:1      | Gained mutation: You are dopey. (Int -2) [potion of
                  | mutation]
   837 | D:1      | Gained mutation: You have a beak for a mouth. [potion of
                  | mutation]
   838 | D:1      | 838 ||| DRINKING 2 blue potions.
   839 | D:1      | 839 ||| DROPPING scroll of immolation.
   840 | D:1      | 840 ||| DROPPING scroll of butterflies.
   841 | D:1      | 841 ||| DROPPING 3 scrolls of fear.
   921 | D:2      | Reached XP level 3. HP: 11/20 MP: 5/5
  1194 | D:2      | 1194 ||| SWAPPING to +2 heavy sling.
  1195 | D:2      | 1195 ||| DROPPING +0 shortbow.
  1235 | D:2      | Reached skill level 7 in Ranged Weapons
  1364 | D:2      | HP: 3/20 [gnoll/+0 club (6)]
  1364 | D:2      | Slain by a gnoll

Levels and vault maps discovered:
D:1:      kennysheep_arrival_seaside, layout_loops_ring, st_stairs_2,
          grunt_decor_one_mirror
D:2:      layout_basic, hex_intersection, nicolae_grassy_gnolls

Skill      XL: |  1  2  3 |
---------------+----------+-----
Ranged Weapons | 6 7 |  7.2
Fighting       | |  1.5
Dodging        | |  2.4
Stealth        | |  1.2

Action                     || total
---------------------------++-------
   Fire: Shortbow          ||    61
         Sling             ||    12
    Use: Scroll            ||     4
         Potion            ||     3
 Armour: Leather armour    ||     5
  Dodge: Dodged            ||    14

Table legend:
 A = Non-vault XP
 B = Vault XP
 C = Vault XP percentage of total XP
 D = Non-vault monster count
 E = Vault monster count
 F = Vault count percentage of total count
                 A         B        C        D         E       F
            +---------+---------+-------+---------+---------+-------
      Total |      46 |      32 |  41.0 |      24 |       4 |  14.3
            +---------+---------+-------+---------+---------+-------
        D:1 |      30 |       4 |  11.8 |      17 |       2 |  10.5
        D:2 |      16 |      28 |  63.6 |       7 |       2 |  22.2
            +---------+---------+-------+---------+---------+-------
